 Dungeon Crawl Stone Soup version 0.19.0-24-gb05acd6 (webtiles) character file.

2532 ChaseSP the Transmogrifier (level 9, -11/40 HPs)
             Began as a Vine Stalker Transmuter on Nov 22, 2016.
             Was an Elder of Hepliaklqana.
             Mangled by a hornet (14 damage)
             ... on level 8 of the Dungeon.
             The game lasted 00:19:19 (6060 turns).

ChaseSP the Transmogrifier (VSTm)                   Turns: 6060, Time: 00:19:20

Health: -11/40     AC:  2    Str: 14    XL:     9   Next: 55%
Magic:  0/14       EV: 20    Int: 13    God:    Hepliaklqana [****..]
Gold:   471        SH:  0    Dex: 22    Spells: 4 memorised, 4 levels left

rFire  . . .     SeeInvis .       - Unarmed
rCold  . . .     Gourm    .     (armour currently unavailable)
rNeg   . . .     Faith    .     (shield currently unavailable)
rPois  x         Spirit   +     (helmet currently unavailable)
rElec  .         Reflect  .     (cloak currently unavailable)
rCorr  .         Harm     .     (gloves currently unavailable)
MR     +....                    (boots currently unavailable)
Stlth  ++........               (no amulet)
                                (no ring)
                                y - ring of flight

@: about to teleport, spider-form, slowed, very slow
A: reduced essence, (fangs 0), regeneration 1, magic shield, (antimagic bite),
no device heal 3, rot immunity
a: End Transformation, Recall Ancestor, Ancestor Identity, Transference,
Idealise, Renounce Religion, Evoke Flight


You were on level 8 of the Dungeon.
You worshipped Hepliaklqana.
Hepliaklqana was greatly pleased with you.
You were not hungry.
You were a venomous arachnid creature.
You visited 1 branch of the dungeon, and saw 8 of its levels.
You also visited: Sewer.

You collected 471 gold pieces.

Inventory:

Missiles
 a - 67 arrows
Armour
 l - a +0 cloak (melded)
 s - a +0 ring mail (melded)
 N - a +0 pair of gloves (melded)
 O - a +0 leather armour of positive energy
Jewellery
 y - a ring of flight (left front leg)
 C - an uncursed ring of fire
Wands
 v - a wand of polymorph (14/24)
 w - a wand of iceblast (8/15)
 E - a wand of polymorph (8/24)
 F - a wand of flame (20/48)
 G - a wand of polymorph (15/24)
 H - a wand of heal wounds (4/9)
Scrolls
 b - 3 scrolls of teleportation
 e - a scroll of magic mapping {unknown}
 f - 5 scrolls of remove curse
 g - a scroll of random uselessness
 h - 2 scrolls of enchant weapon
 j - a scroll of fog {unknown}
 k - 2 scrolls of fear {unknown}
 o - 10 scrolls of identify {unknown}
 q - 3 scrolls of noise {unknown}
 J - a scroll of immolation {unknown}
 M - a scroll of torment {unknown}
Potions
 i - 2 potions of cure mutation {unknown}
 n - 2 potions of degeneration
 r - a potion of haste {unknown}
 t - 2 potions of heal wounds {unknown}
 x - a potion of invisibility
 z - 2 potions of lignification {unknown}
 B - 5 potions of curing
 D - 2 potions of ambrosia {unknown}
 I - a potion of agility {unknown}
 K - a potion of flight
Books
 c - a book of Changes

   Spells                             Type                      Level
   a - Beastly Appendage              Transmutation                1
   b - Sticks to Snakes               Transmutation                2
   c - Spider Form                    Transmutation/Poison         3
   d - Ice Form                       Ice/Transmutation            4
   e - Blade Hands                    Transmutation                5
Miscellaneous
 A - a lamp of fire
Comestibles
 d - 8 bread rations
 m - 8 beef jerkies
 p - 7 meat rations
 u - 2 fruits


   Skills:
 - Level 4.2 Fighting
 - Level 2.2 Dodging
 + Level 6.4 Unarmed Combat
 - Level 3.2 Spellcasting
 * Level 8.0 Transmutations
 * Level 4.7 Ice Magic
 - Level 3.0 Poison Magic


You had 4 spell levels left.
You knew the following spells:

 Your Spells              Type           Power        Failure   Level  Hunger
a - Beastly Appendage     Tmut           ###...       4%          1    #......
b - Sticks to Snakes      Tmut           ###.....     6%          2    ##.....
c - Spider Form           Tmut/Pois      ###.......   24%         3    ###....
d - Ice Form              Ice/Tmut       ###.....     36%         4    #####..


Dungeon Overview and Level Annotations

Branches:
Dungeon (8/15)             Temple (0/1) D:4
   Lair: D:8-11

Altars:
Ashenzari
Fedhas
Gozag
Hepliaklqana
Okawaru
Sif Muna
Zin

Shops:
D:5 }   D:6 (


Innate Abilities, Weirdness & Mutations

((You have razor-sharp teeth.))
Your natural rate of healing is unusually fast.
When hurt, damage is shared between your health and your magic reserves.
((Your bite disrupts and absorbs the magic of your enemies.))
Potions and wands cannot restore your health.
You are immune to rotting.
Your life essence is reduced. (-10% HP)


Message History

The ogre hits Hrodulf with a giant club!!
Hrodulf is destroyed!
The hornet stings you!
You suddenly lose the ability to move!
The phantom hits you.
The phantom blinks!
The hornet stings you!
You shrug off the repeated paralysis!
The worker ant waves its antennae.
The phantom blinks!
You can move again.
A scorpion comes into view.
You miss the hornet. The hornet misses you. The hornet stings you!
* * * LOW HITPOINT WARNING * * *
You feel yourself slow down. The ogre misses you.
Unknown command.
As you read the scroll labeled WAROT OLERI, it crumbles to dust.
You feel strangely unstable.
It was a scroll of teleportation.
The hornet completely misses you. The worker ant bites you.
* * * LOW HITPOINT WARNING * * *
The hornet misses you. The ogre closely misses you.
The phantom completely misses you. The hornet stings you!
You die...

#.....#...##
#.........#
##...#....#
##..##....##
##..###.....#
##..## #.....#
##..## #..##.##
#..## #####..#
##s## ##.#
###yWa## #.###
#...O..# #..#)
................
##...
.....s..##......
#... ........#
##..... #...
........# .....
#.#.. .......##
..... #.#..
....... .. .###.


You could see a phantom, a hornet, an ogre, a scorpion (wandering) and a worker
ant.

Vanquished Creatures
  Duvessa (D:5)
  2 sky beasts (D:5)
  A phantom (D:5)
  3 ogres (D:7)
  3 bullfrogs
  A wight (D:6)
  3 howler monkeys
  A hound (D:5)
  An orc priest (D:5)
  A bullfrog skeleton (D:6)
  2 orc wizards
  A hound skeleton (D:4)
  A howler monkey skeleton (D:6)
  4 adders
  An adder zombie (D:7)
  2 worms (D:2)
  A dart slug (D:2)
  3 leopard geckos
  6 orcs
  5 giant cockroaches
  5 goblins
  7 hobgoblins
  5 jackals
  7 kobolds
  2 quokkas
  4 ball pythons
  3 bats
  6 frilled lizards
  5 rats
87 creatures vanquished.

Vanquished Creatures (collateral kills)
  Edmund (D:6)
  2 ice beasts
  2 ogres
  2 bullfrogs
  A wyvern skeleton (D:6)
  Dowan (D:5)
  3 wights (D:6)
  A crimson imp (D:5)
  A hound (D:6)
  A centaur zombie (D:6)
  A jelly (D:8)
  An orc priest (D:5)
  2 centaur skeletons (D:6)
  Terence (D:2)
  Natasha (D:4)
  An orc wizard (D:7)
  2 worker ants (D:5)
  A worker ant zombie (D:7)
  3 gnolls (D:6)
  4 adders
  A shadow imp (D:8)
  An adder zombie (D:7)
  An adder skeleton (D:5)
  6 leopard geckos
  5 orcs
  A bat (D:3)
  4 giant cockroaches
  A goblin (D:2)
  A hobgoblin (D:3)
  3 jackals (D:7)
  A frilled lizard (Sewer)
  2 kobolds (D:2)
  A leopard gecko zombie (D:5)
  A rat (D:2)
61 creatures vanquished.

Vanquished Creatures (others)
  2 battlemagi
  An ancestor (D:3)
  A plant (D:2)
4 creatures vanquished.

Grand Total: 152 creatures vanquished

Notes
Turn   | Place    | Note
-------+----------+-------------------------------------------
     0 | D:1      | ChaseSP the Vine Stalker Transmuter began the quest for the Orb.
     0 | D:1      | Reached XP level 1. HP: 9/9 MP: 4/4
   163 | D:1      | Reached XP level 2. HP: 10/14 MP: 6/6
   167 | D:1      | Learned a level 2 spell: Sticks to Snakes
   255 | D:1      | Reached skill level 3 in Transmutations
   490 | D:2      | Noticed Terence
   536 | D:2      | Found a hazy altar of Hepliaklqana.
   539 | D:2      | Reached XP level 3. HP: 16/17 MP: 7/7
   545 | D:2      | Learned a level 3 spell: Spider Form
   558 | D:2      | Became a worshipper of Hepliaklqana the Forgotten
   586 | D:2      | Reached skill level 1 in Poison Magic
   619 | D:2      | Killed Terence
   619 | D:2      | Gained mutation: Your natural rate of healing is unusually fast. [Vine Stalker growth]
   619 | D:2      | Reached XP level 4. HP: 15/18 MP: 2/8
   970 | D:2      | Reached skill level 4 in Transmutations
  1290 | D:3      | Found a glowing silver altar of Zin.
  1616 | D:3      | Reached * piety under Hepliaklqana
  1779 | D:3      | Reached XP level 5. HP: 16/22 MP: 9/9
  1887 | D:4      | Found a staircase to the Ecumenical Temple.
  1978 | D:4      | Found a blossoming altar of Fedhas.
  2098 | D:4      | Reached skill level 1 in Fighting
  2151 | D:4      | Noticed Natasha
  2170 | D:4      | Killed Natasha
  2344 | D:5      | Entered Level 5 of the Dungeon
  2363 | D:5      | Found a glowing drain.
  2374 | Sewer    | Entered a sewer
  2531 | Sewer    | Reached XP level 6. HP: 24/27 MP: 10/10
  2606 | Sewer    | Reached skill level 5 in Transmutations
  2973 | D:5      | Noticed a sky beast
  2982 | D:5      | Killed a sky beast
  2982 | D:5      | Reached XP level 7. HP: 31/31 MP: 8/11
  2984 | D:5      | Found Ureodiac's Gadget Shop.
  3069 | D:5      | Found an opulent altar of Gozag.
  3072 | D:5      | Reached ** piety under Hepliaklqana
  3082 | D:5      | Remembered your ancestor Hrodulf as a battlemage
  3506 | D:5      | Noticed Dowan
  3509 | D:5      | Noticed Duvessa
  3515 | D:5      | Killed Dowan
  3515 | D:5      | Reached skill level 6 in Transmutations
  3528 | D:5      | Killed Duvessa
  3528 | D:5      | Reached skill level 5 in Unarmed Combat
  3528 | D:5      | Gained mutation: You have razor-sharp teeth. [Vine Stalker growth]
  3528 | D:5      | Reached XP level 8. HP: 3/36 MP: 1/12
  3613 | D:5      | Learned a level 4 spell: Ice Form
  3787 | D:5      | Reached skill level 1 in Ice Magic
  3964 | D:6      | Found Hotatz's Antique Weapon Emporium.
  4011 | D:6      | Reached *** piety under Hepliaklqana
  4023 | D:6      | Found a deep blue altar of Sif Muna.
  4172 | D:6      | Reached skill level 7 in Transmutations
  4237 | D:6      | Noticed Edmund
  4252 | D:6      | Killed Edmund
  4252 | D:6      | Reached XP level 9. HP: 35/40 MP: 10/14
  4490 | D:6      | Found an iron altar of Okawaru.
  4490 | D:6      | Found a shattered altar of Ashenzari.
  4920 | D:7      | Reached **** piety under Hepliaklqana
  5963 | D:8      | Reached skill level 8 in Transmutations
  6049 | D:8      | Noticed a hornet
  6056 | D:8      | Paralysed by a hornet for 1 turns
  6059 | D:8      | HP: 2/40 [worker ant (3)]
  6060 | D:8      | Mangled by a hornet

Skill      XL: |  1  2  3  4  5  6  7  8  9 |
---------------+----------------------------+-----
Transmutations | 3 4 5 6 7 8 |  8.0
Poison Magic   | 1 2 3 |  3.0
Fighting       | 1 2 3 4 |  4.2
Unarmed Combat | 5 6 |  6.4
Ice Magic      | 3 4 |  4.7
Spellcasting   | 3 |  3.2
Dodging        | 2 |  2.2

Action                   |  1- 3 |  4- 6 |  7- 9 || total
-------------------------+-------+-------+-------++-------
Melee: Unarmed           |    94 |   238 |   180 ||   512
       Bite              |    23 |    54 |    42 ||   119
       Kick              |     3 |     3 |     3 ||     9
       Punch             |       |     2 |     2 ||     4
       Headbutt          |       |     1 |     7 ||     8
 Cast: Beastly Appendage |     4 |     4 |     9 ||    17
       Sticks to Snakes  |     2 |       |     2 ||     4
       Spider Form       |       |     1 |     4 ||     5
Invok: Ancestor Life: Ba |       |       |     1 ||     1
       Recall Ancestor   |       |       |     1 ||     1
  Use: Potion            |       |     3 |       ||     3
       Scroll            |       |       |     4 ||     4
 Stab: Sleeping          |     1 |       |       ||     1
       Distracted        |       |       |     5 ||     5
  Eat: Chunk             |       |     7 |    11 ||    18
Armor: Robe              |     9 |       |       ||     9
       Leather armour    |     8 |    18 |       ||    26
       Ring mail         |       |    67 |    30 ||    97
       Skin              |       |       |     1 ||     1
Dodge: Dodged            |    59 |   123 |    99 ||   281
